[ AOE2 MATCH · #494615805 ]
UnrankedWu vs Huns
Player's team · LOSS
Rival team · WIN
[ REPLAY ANALYSIS · EXTRACTED FROM THE RECORDED GAME ]
Feudal
8:51
Castle
27:32
Imperial
40:09
| APM avg | 90.7 |
| APM peak | 135 |
| eAPM avg | 37.4 |
| Villagers / military | 172 / 98 |
Focus
⚔️ 41.6% · 🌾 58.4%
Archer ×41 · Skirmisher ×41 · Militia ×10 · Unknown (1974) ×10 · Unknown (1942) ×7 · Scout Cavalry ×4
Feudal
9:53
Castle
24:26
Imperial
40:28
| APM avg | 83.7 |
| APM peak | 146 |
| eAPM avg | 46.3 |
| Villagers / military | 221 / 140 |
Focus
⚔️ 63.0% · 🌾 37.0%
Cavalry Archer ×56 · Scout Cavalry ×46 · Skirmisher ×17 · Archer ×11 · Mangonel ×4 · Monk ×3
Match map
Initial resources + every placement click. Lines = walls · curves = elevation contours. ◆ gold · ⬟ stone · ● berries · ✦ relic · ◌ wall gap
Your base· Open — unwalled flank
DS_VarVa's base· Open — 7t gap
Smoothed initial terrain · ◌ = detected wall gap · hover for details
Inputs per minute
— Speed - - DS_VarVa
Build order — Speed
First 150 of 474 actions detected
| 0:00 | Create | Villager (Male) |
| 0:01 | Create | Villager (Male) |
| 0:01 | Create | Villager (Male) |
| 0:02 | Build | House |
| 0:03 | Build | House |
| 1:07 | Create | Villager (Male) |
| 1:38 | Create | Villager (Male) |
| 1:58 | Create | Villager (Male) |
| 1:58 | Create | Villager (Male) |
| 2:10 | Build | Lumber Camp |
| 2:21 | Create | Villager (Male) |
| 2:54 | Create | Villager (Male) |
| 3:17 | Create | Villager (Male) |
| 3:17 | Create | Villager (Male) |
| 3:38 | Create | Villager (Male) |
| 3:50 | Build | House |
| 4:06 | Create | Villager (Male) |
| 4:32 | Create | Villager (Male) |
| 4:55 | Create | Villager (Male) |
| 5:20 | Create | Villager (Male) |
| 5:23 | Build | Barracks |
| 5:34 | Build | Palisade Wall |
| 5:44 | Create | Villager (Male) |
| 5:48 | Research | Loom |
| 5:49 | Research | Loom |
| 6:24 | Build | House |
| 6:41 | Research | Feudal Age |
| 6:41 | Research | Feudal Age |
| 7:10 | Create | Militia |
| 7:11 | Create | Militia |
| 7:16 | Build | Mining Camp |
| 7:32 | Create | Militia |
| 7:32 | Create | Militia |
| 7:52 | Create | Militia |
| 7:53 | Create | Militia |
| 8:19 | Build | Mill |
| 8:44 | Create | Villager (Male) |
| 8:51 | Age | Feudal Age |
| 8:52 | Research | Man-at-Arms (upgrade) |
| 8:52 | Research | Man-at-Arms (upgrade) |
| 9:09 | Create | Villager (Male) |
| 9:21 | Build | Archery Range |
| 9:35 | Build | House |
| 9:35 | Create | Villager (Male) |
| 9:35 | Create | Villager (Male) |
| 10:03 | Build | Watch Tower |
| 10:05 | Create | Villager (Male) |
| 10:07 | Create | Archer |
| 10:23 | Create | Villager (Male) |
| 10:35 | Build | Mill |
| 10:45 | Create | Archer |
| 10:48 | Create | Villager (Male) |
| 10:58 | Build | House |
| 11:13 | Build | Palisade Wall |
| 11:14 | Build | Palisade Wall |
| 11:15 | Build | Palisade Wall |
| 11:16 | Create | Villager (Male) |
| 11:18 | Create | Archer |
| 11:27 | Create | Villager (Male) |
| 11:47 | Build | Mining Camp |
| 11:50 | Create | Archer |
| 12:00 | Create | Villager (Male) |
| 12:19 | Create | Villager (Male) |
| 12:37 | Build | Farm |
| 12:38 | Build | Farm |
| 12:42 | Build | House |
| 12:46 | Create | Villager (Male) |
| 13:01 | Research | Double-Bit Axe |
| 13:01 | Research | Double-Bit Axe |
| 13:05 | Create | Archer |
| 13:16 | Create | Villager (Male) |
| 13:26 | Create | Archer |
| 13:40 | Create | Villager (Male) |
| 13:47 | Create | Archer |
| 13:51 | Build | House |
| 13:52 | Build | House |
| 14:01 | Create | Villager (Male) |
| 14:17 | Create | Villager (Male) |
| 14:26 | Create | Villager (Male) |
| 14:27 | Create | Archer |
| 14:38 | Create | Villager (Male) |
| 14:47 | Build | Blacksmith |
| 14:55 | Create | Villager (Male) |
| 15:01 | Build | Farm |
| 15:02 | Build | Farm |
| 15:09 | Build | Mining Camp |
| 15:13 | Create | Archer |
| 15:27 | Create | Archer |
| 15:32 | Research | Fletching |
| 15:44 | Build | House |
| 15:45 | Build | House |
| 15:45 | Create | Villager (Male) |
| 15:53 | Build | Farm |
| 15:54 | Build | Farm |
| 16:09 | Build | Watch Tower |
| 16:12 | Build | Farm |
| 16:16 | Create | Villager (Male) |
| 16:31 | Build | House |
| 16:37 | Create | Villager (Male) |
| 16:42 | Build | Watch Tower |
| 16:44 | Create | Villager (Male) |
| 16:48 | Create | Archer |
| 16:53 | Build | Farm |
| 16:54 | Build | Farm |
| 16:54 | Build | Farm |
| 17:10 | Build | Farm |
| 17:19 | Create | Villager (Male) |
| 17:28 | Build | Palisade Wall |
| 17:28 | Build | Palisade Wall |
| 17:29 | Build | Palisade Wall |
| 17:40 | Research | Scale Mail Armor |
| 17:40 | Research | Scale Mail Armor |
| 17:43 | Create | Villager (Male) |
| 17:53 | Create | Archer |
| 17:58 | Create | Villager (Male) |
| 18:08 | Create | Villager (Male) |
| 18:17 | Build | Farm |
| 18:18 | Build | Farm |
| 18:19 | Build | Farm |
| 18:23 | Create | Villager (Male) |
| 18:28 | Create | Militia |
| 18:40 | Build | Stable |
| 18:55 | Build | House |
| 18:56 | Build | House |
| 18:59 | Build | Palisade Wall |
| 19:02 | Create | Militia |
| 19:02 | Create | Villager (Male) |
| 19:15 | Create | Militia |
| 19:18 | Research | Forging |
| 19:18 | Research | Forging |
| 19:19 | Create | Scout Cavalry |
| 19:29 | Build | Palisade Wall |
| 19:29 | Build | Palisade Wall |
| 19:31 | Build | Palisade Wall |
| 19:37 | Create | Scout Cavalry |
| 19:55 | Create | Villager (Male) |
| 20:10 | Create | Scout Cavalry |
| 20:12 | Build | Farm |
| 20:13 | Build | Farm |
| 20:32 | Create | Archer |
| 20:34 | Create | Villager (Male) |
| 20:44 | Create | Villager (Male) |
| 20:46 | Build | Farm |
| 20:46 | Build | Farm |
| 20:48 | Create | Archer |
| 20:49 | Create | Militia |
| 20:58 | Create | Villager (Male) |
| 21:08 | Create | Archer |
| 21:22 | Create | Scout Cavalry |
| 21:29 | Create | Villager (Male) |
Build order — DS_VarVa
First 150 of 565 actions detected
| 0:01 | Create | Villager (Male) |
| 0:01 | Create | Villager (Male) |
| 0:05 | Create | Villager (Male) |
| 0:05 | Create | Villager (Male) |
| 0:58 | Create | Villager (Male) |
| 0:58 | Create | Villager (Male) |
| 1:30 | Create | Villager (Male) |
| 1:31 | Create | Villager (Male) |
| 1:45 | Build | Lumber Camp |
| 1:58 | Create | Villager (Male) |
| 1:59 | Create | Villager (Male) |
| 2:44 | Build | Palisade Wall |
| 2:45 | Build | Palisade Wall |
| 2:46 | Build | Palisade Wall |
| 2:47 | Build | Palisade Wall |
| 2:47 | Build | Palisade Wall |
| 2:48 | Build | Palisade Wall |
| 2:55 | Create | Villager (Male) |
| 2:55 | Create | Villager (Male) |
| 3:13 | Create | Villager (Male) |
| 3:16 | Build | Palisade Wall |
| 3:34 | Build | Palisade Wall |
| 3:35 | Build | Palisade Wall |
| 3:58 | Create | Villager (Male) |
| 3:58 | Create | Villager (Male) |
| 3:58 | Create | Villager (Male) |
| 4:01 | Build | Palisade Wall |
| 4:33 | Create | Villager (Male) |
| 4:42 | Build | Palisade Wall |
| 4:46 | Create | Villager (Male) |
| 4:46 | Create | Villager (Male) |
| 4:51 | Build | Palisade Wall |
| 4:51 | Build | Palisade Wall |
| 4:52 | Build | Palisade Wall |
| 5:04 | Create | Villager (Male) |
| 5:26 | Build | Palisade Wall |
| 5:39 | Build | Palisade Wall |
| 5:44 | Create | Villager (Male) |
| 5:51 | Build | Palisade Wall |
| 6:09 | Build | Mill |
| 6:18 | Research | Loom |
| 6:27 | Create | Villager (Male) |
| 6:28 | Create | Villager (Male) |
| 6:31 | Create | Villager (Male) |
| 6:38 | Create | Villager (Male) |
| 6:44 | Create | Villager (Male) |
| 7:08 | Research | Loom |
| 7:43 | Research | Feudal Age |
| 7:43 | Research | Feudal Age |
| 8:33 | Build | Barracks |
| 9:22 | Create | Villager (Male) |
| 9:53 | Age | Feudal Age |
| 9:56 | Build | Archery Range |
| 10:00 | Research | Double-Bit Axe |
| 10:07 | Create | Villager (Male) |
| 10:20 | Create | Villager (Male) |
| 10:23 | Create | Villager (Male) |
| 10:26 | Create | Villager (Male) |
| 10:34 | Research | Horse Collar |
| 10:42 | Create | Villager (Male) |
| 10:44 | Build | Palisade Wall |
| 10:46 | Create | Skirmisher |
| 10:47 | Create | Skirmisher |
| 10:47 | Create | Skirmisher |
| 10:51 | Create | Villager (Male) |
| 10:59 | Create | Villager (Male) |
| 11:02 | Create | Skirmisher |
| 11:05 | Create | Villager (Male) |
| 11:08 | Build | Blacksmith |
| 11:13 | Build | Palisade Wall |
| 11:20 | Create | Villager (Male) |
| 11:25 | Create | Skirmisher |
| 11:29 | Create | Villager (Male) |
| 11:31 | Create | Skirmisher |
| 11:45 | Create | Villager (Male) |
| 11:48 | Create | Villager (Male) |
| 11:52 | Build | Farm |
| 11:53 | Build | Farm |
| 12:04 | Build | Farm |
| 12:04 | Create | Villager (Male) |
| 12:10 | Create | Villager (Male) |
| 12:15 | Build | Farm |
| 12:16 | Build | Palisade Wall |
| 12:42 | Create | Villager (Male) |
| 12:44 | Build | Farm |
| 12:45 | Create | Skirmisher |
| 12:46 | Create | Villager (Male) |
| 12:51 | Create | Villager (Male) |
| 12:55 | Create | Skirmisher |
| 13:00 | Create | Villager (Male) |
| 13:01 | Create | Villager (Male) |
| 13:10 | Build | Lumber Camp |
| 13:12 | Create | Skirmisher |
| 13:16 | Create | Villager (Male) |
| 13:25 | Create | Villager (Male) |
| 13:29 | Build | Farm |
| 13:31 | Create | Skirmisher |
| 13:35 | Create | Villager (Male) |
| 13:38 | Create | Villager (Male) |
| 13:42 | Create | Skirmisher |
| 13:48 | Build | Farm |
| 13:54 | Create | Villager (Male) |
| 14:02 | Build | Farm |
| 14:24 | Create | Villager (Male) |
| 14:33 | Create | Villager (Male) |
| 14:34 | Create | Skirmisher |
| 14:43 | Create | Villager (Male) |
| 14:44 | Build | Stable |
| 14:52 | Build | Farm |
| 15:07 | Create | Villager (Male) |
| 15:09 | Build | Farm |
| 15:10 | Build | Farm |
| 15:14 | Create | Villager (Male) |
| 15:16 | Build | Farm |
| 15:27 | Create | Villager (Male) |
| 15:29 | Create | Villager (Male) |
| 15:33 | Create | Skirmisher |
| 15:40 | Research | Padded Archer Armor |
| 15:44 | Research | Fletching |
| 15:50 | Create | Scout Cavalry |
| 15:51 | Create | Scout Cavalry |
| 15:52 | Create | Villager (Male) |
| 15:54 | Build | Farm |
| 15:54 | Build | Farm |
| 15:55 | Build | Farm |
| 15:58 | Create | Skirmisher |
| 16:02 | Create | Villager (Male) |
| 16:06 | Research | Padded Archer Armor |
| 16:06 | Research | Padded Archer Armor |
| 16:09 | Create | Villager (Male) |
| 16:12 | Create | Villager (Male) |
| 16:14 | Build | Watch Tower |
| 16:20 | Create | Villager (Male) |
| 16:39 | Create | Scout Cavalry |
| 16:47 | Create | Skirmisher |
| 16:49 | Create | Villager (Male) |
| 16:53 | Build | Farm |
| 17:00 | Create | Villager (Male) |
| 17:02 | Build | Mining Camp |
| 17:04 | Create | Villager (Male) |
| 17:06 | Build | Farm |
| 17:07 | Build | Farm |
| 17:20 | Create | Scout Cavalry |
| 17:24 | Create | Skirmisher |
| 17:30 | Build | Palisade Wall |
| 17:32 | Create | Villager (Male) |
| 17:35 | Create | Villager (Male) |
| 17:42 | Create | Villager (Male) |
| 17:59 | Create | Villager (Male) |
| 18:05 | Create | Villager (Male) |
Match timeline
| 2:44 | DS_VarVa · wall_segment Palisade Wall x1 |
| 2:45 | DS_VarVa · wall_segment Palisade Wall x1 |
| 2:46 | DS_VarVa · wall_segment Palisade Wall x1 |
| 2:47 | DS_VarVa · wall_segment Palisade Wall x1 |
| 2:47 | DS_VarVa · wall_segment Palisade Wall x1 |
| 2:48 | DS_VarVa · wall_segment Palisade Wall x1 |
| 3:16 | DS_VarVa · wall_segment Palisade Wall x2 |
| 3:34 | DS_VarVa · wall_segment Palisade Wall x2 |
| 3:35 | DS_VarVa · wall_segment Palisade Wall x6 |
| 4:01 | DS_VarVa · wall_segment Palisade Wall x3 |
| 4:42 | DS_VarVa · wall_segment Palisade Wall x5 |
| 4:51 | DS_VarVa · wall_segment Palisade Wall x1 |
| 4:51 | DS_VarVa · wall_segment Palisade Wall x1 |
| 4:52 | DS_VarVa · wall_segment Palisade Wall x1 |
| 5:23 | Speed · first_building Barracks |
| 5:26 | DS_VarVa · wall_segment Palisade Wall x1 |
| 5:34 | Speed · wall_segment Palisade Wall x1 |
| 5:39 | DS_VarVa · wall_segment Palisade Wall x1 |
| 5:51 | DS_VarVa · wall_segment Palisade Wall x8 |
| 8:33 | DS_VarVa · first_building Barracks |
| 8:51 | Speed · age_up feudal |
| 9:21 | Speed · first_building Archery Range |
| 9:53 | DS_VarVa · age_up feudal |
| 9:56 | DS_VarVa · first_building Archery Range |
| 10:44 | DS_VarVa · wall_segment Palisade Wall x1 |
| 11:13 | DS_VarVa · wall_segment Palisade Wall x1 |
| 11:13 | Speed · wall_segment Palisade Wall x1 |
| 11:14 | Speed · wall_segment Palisade Wall x1 |
| 11:15 | Speed · wall_segment Palisade Wall x1 |
| 12:16 | DS_VarVa · wall_segment Palisade Wall x1 |
| 14:44 | DS_VarVa · first_building Stable |
| 17:28 | Speed · wall_segment Palisade Wall x1 |
| 17:28 | Speed · wall_segment Palisade Wall x1 |
| 17:29 | Speed · wall_segment Palisade Wall x1 |
| 17:30 | DS_VarVa · wall_segment Palisade Wall x7 |
| 18:40 | Speed · first_building Stable |
| 18:59 | Speed · wall_segment Palisade Wall x5 |
| 19:29 | Speed · wall_segment Palisade Wall x1 |
| 19:29 | Speed · wall_segment Palisade Wall x1 |
| 19:31 | Speed · wall_segment Palisade Wall x1 |
| 20:47 | DS_VarVa · first_market_sell 100 wood |
| 22:50 | Speed · wall_segment Palisade Wall x6 |
| 23:04 | DS_VarVa · first_market_buy 100 stone |
| 24:15 | Speed · wall_segment Palisade Wall x1 |
| 24:26 | DS_VarVa · age_up castle |
| 24:40 | DS_VarVa · first_building Monastery |
| 24:51 | Speed · first_market_buy 100 food |
| 27:32 | Speed · age_up castle |
| 29:38 | DS_VarVa · first_building Siege Workshop |
| 33:06 | Speed · first_building Siege Workshop |
| 34:07 | DS_VarVa · first_building Castle |
| 35:36 | Speed · first_market_sell 100 wood |
| 36:26 | Speed · first_building Castle |
| 40:03 | DS_VarVa · wall_segment Palisade Wall x1 |
| 40:09 | Speed · age_up imperial |
| 40:28 | DS_VarVa · age_up imperial |
| 46:07 | Speed · resign |
[ AI ANALYSIS · 1 CREDIT ]
What really happened in this match?
Wolo.gg analyzes every decision: build order, eco, micro, common mistakes by bracket. Personalized analysis on WhatsApp or Discord in 30 seconds.
Civ guide
Wu
Perfil
Jugador #17731854